 Dungeon Crawl Stone Soup version 0.27.1 (webtiles) character file.

Game seed: 7189485271494474979

1330 unlimited1921 the Vexing (level 8, 0/61 HPs)
             Began as a Gnoll Arcane Marksman on Aug 22, 2021.
             Was an Initiate of Gozag.
             Slain by an unseen horror (1 damage)
             ... on level 5 of the Dungeon.
             The game lasted 01:04:45 (8559 turns).

unlimited1921 the Vexing (Gnoll Arcane Marksman)    Turns: 8559, Time: 01:04:50

Health: 0/61       AC:  7    Str: 11    XL:     8   Next: 60%
Magic:  12/14      EV: 13    Int: 13    God:    Gozag
Gold:   233        SH:  5    Dex: 13    Spells: 3/16 levels left

rFire    . . .     SeeInvis .   a - +0 hand crossbow
rCold    . . .     Faith    .   (no shield)
rNeg     . . .     Spirit   .   b - +0 leather armour
rPois    .         Reflect  +   w - +0 helmet
rElec    .         Harm     .   (no cloak)
rCorr    .         Rampage  .   h - +2 pair of gloves
Will     .....                  (no boots)
Stlth    ++........             l - amulet of reflection
HPRegen  0.20/turn              (no ring)
MPRegen  0.14/turn              (no ring)

@: no status effects
A: fangs 1, strong nose, distributed training
a: Renounce Religion, Potion Petition, Call Merchant, Bribe Branch


You were on level 5 of the Dungeon.
You worshipped Gozag.
Gozag was aware of your devotion.
You visited 2 branches of the dungeon, and saw 7 of its levels.

You collected 271 gold pieces.
You paid 38 gold pieces to Gozag.

Inventory:

Hand Weapons
 a - a +0 hand crossbow (weapon)
 o - a +0 hunting sling
 y - a +3 falchion
 A - a +2 dagger of venom
 D - a +3 dire flail of freezing
 F - a +0 shortbow
Missiles
 c - 19 bolts (quivered ammo)
 m - 86 stones
 x - 142 arrows
 E - 3 javelins
Armour
 b - a +0 leather armour (worn)
 h - a +2 pair of gloves (worn)
 k - a +0 ring mail
 v - a +0 tower shield
 w - a +0 helmet (worn)
Jewellery
 l - an amulet of reflection (around neck)
 s - an amulet of guardian spirit
Scrolls
 d - 2 scrolls of enchant armour {unknown}
 e - a scroll of amnesia {unknown}
 f - a scroll of holy word {unknown}
 g - a scroll of torment
 i - a scroll of teleportation {unknown}
 j - 2 scrolls of immolation
 r - a scroll of fear
 z - a scroll of magic mapping {unknown}
 C - a scroll of blinking {unknown}
 G - a scroll of vulnerability {unknown}
Potions
 p - a potion of haste
 q - 2 potions of magic
 t - a potion of curing


   Skills:
 + Level 4.3 Fighting
 + Level 3.4 Short Blades
 + Level 3.4 Long Blades
 + Level 3.4 Axes
 + Level 3.4 Maces & Flails
 + Level 3.4 Polearms
 + Level 3.4 Staves
 + Level 3.4 Slings
 + Level 3.4 Bows
 + Level 5.8 Crossbows
 + Level 3.4 Throwing
 + Level 3.4 Armour
 + Level 5.8 Dodging
 + Level 3.4 Stealth
 + Level 3.4 Shields
 + Level 3.4 Unarmed Combat
 + Level 4.5 Spellcasting
 + Level 2.8 Conjurations
 + Level 6.2 Hexes
 + Level 2.8 Summonings
 + Level 2.8 Necromancy
 + Level 2.8 Translocations
 + Level 2.8 Transmutations
 + Level 2.8 Fire Magic
 + Level 2.8 Ice Magic
 + Level 2.8 Air Magic
 + Level 2.8 Earth Magic
 + Level 2.8 Poison Magic
 + Level 3.7 Invocations
 + Level 3.4 Evocations


You had 3 spell levels left.
You knew the following spells:

 Your Spells              Type           Power      Damage    Failure   Level
a - Corona                Hex            21%        N/A       1%          1
b - Slow                  Hex            19%        N/A       3%          2
c - Inner Flame           Hex/Fire       14%        N/A       12%         3
d - Portal Projectile     Hex/Tloc       28%        N/A       12%         3
e - Cause Fear            Hex            9%         N/A       19%         4

Your spell library contained the following spells:

 Spells                   Type           Power      Damage    Failure   Level
 Passwall                 Tmut/Erth      8%         N/A       12%         2
 Static Discharge         Conj/Air       10%        N/A       12%         2
 Swiftness                Air            10%        N/A       24%         3
 Dispel Undead            Necr           10%        3d9       61%         4
 Sticky Flame             Conj/Fire      10%        2d3       61%         4
 Summon Ice Beast         Ice/Summ       10%        N/A       61%         4
 Summon Mana Viper        Hex/Summ       14%        N/A       73%         5
 Invisibility             Hex            9%         N/A       96%         6
 Monstrous Menagerie      Summ           5%         N/A       100%        7


Dungeon Overview and Level Annotations

Branches:
Dungeon (6/15)             Temple (1/1) D:4

Altars:
Cheibriados
Fedhas
Gozag
Hepliaklqana
Kikubaaqudgha
Nemelex Xobeh
Okawaru
Qazlal
Sif Muna
Trog
Uskayaw
Vehumet
Wu Jian
Xom
Yredelemnul
The Shining One


Innate Abilities, Weirdness & Mutations

You have very sharp teeth.
Your uncanny sense of smell can sniff out nearby items.
Your experience applies equally to all skills.


Message History

An orc warrior is nearby!
Casting: Slow (safe; 3% risk of failure)
Confirm with . or Enter, or press ? or * to list all spells.
Okay, then.
Unknown command.
Your +3 dire flail of freezing stops glowing.
a - a +0 hand crossbow (weapon)
You are too injured to fight recklessly!
You are too injured to fight recklessly!
Fire: 23 bolts
Press: ? - help, Q - select action, (/) - cycle Shift-Dir - straight line, f - orc warrior
Aim: an orc warrior, wielding a +0 hand axe and wearing a +0 chain mail (heavily wounded, slow, 62% to hit)
You shoot a bolt. The bolt hits the orc warrior!
The orc warrior is severely wounded.
Fire: 22 bolts
Press: ? - help, Q - select action, (/) - cycle Shift-Dir - straight line, f/p - orc warrior
Aim: an orc warrior, wielding a +0 hand axe and wearing a +0 chain mail (severely wounded, slow, 62% to hit)
You shoot a bolt.
The bolt closely misses the orc warrior.
Fire: 21 bolts
Press: ? - help, Q - select action, (/) - cycle Shift-Dir - straight line, f/p - orc warrior
Aim: an orc warrior, wielding a +0 hand axe and wearing a +0 chain mail (severely wounded, slow, 62% to hit)
You shoot a bolt.
The bolt closely misses the orc warrior.
Fire: 20 bolts
Press: ? - help, Q - select action, (/) - cycle Shift-Dir - straight line, f/p - orc warrior
Aim: an orc warrior, wielding a +0 hand axe and wearing a +0 chain mail (severely wounded, slow, 62% to hit)
You shoot a bolt. The bolt barely misses the orc warrior.
The orc warrior is no longer moving slowly.
Something hits you!
* * * LOW HITPOINT WARNING * * *
An orc warrior is nearby!
Casting: Slow (safe; 3% risk of failure)
Confirm with . or Enter, or press ? or * to list all spells.
Aiming: Slow (safe; 3% risk of failure)
Press: ? - help, Shift-Dir - straight line, f/p - orc warrior
Aim: an orc warrior, wielding a +0 hand axe and wearing a +0 chain mail (severely wounded, chance to affect: 57%) Nothing appears to happen.
Something barely misses you. Something hits you.
You die...
Your body crumbles into a pile of gold.

#.#######.# #.# #.# ## #o#
#.# .# #.# #.# .#
####>#######.# .#
#.........##.######## .#
#.........##o.......## .#
#.......[.##.######..# .#
####......##@.# ##.# .#
#......##..## #.# .#
#..######...# #.# .# #..#
##.#.## #.## ## #..#
##..#..## #..#
########..####..###..####.#
............#..##.##..###.##
..............##...##..##..#
.............##..⌠..##..##.##


You could see an orc warrior.

Vanquished Creatures
  A water moccasin (D:6)
  A sky beast (D:4)
  2 necrophages (D:4)
  A centaur (D:5)
  2 ogres (D:4)
  A scorpion (D:4)
  3 wights (D:4)
  A bullfrog zombie (D:4)
  A centaur zombie (D:4)
  A hound (D:5)
  A human zombie (D:4)
  A jelly (D:3)
  A gnoll shaman (D:5)
  An orc priest (D:4)
  A bullfrog skeleton (D:2)
  Terence (D:2)
  2 orc wizards (D:4)
  A howler monkey zombie (D:4)
  A mummy (D:4)
  4 gnolls (D:5)
  3 adders
  A howler monkey skeleton (D:3)
  A white imp (D:4)
  An ufetubus (D:4)
  2 adder zombies (D:4)
  2 worms
  A dart slug (D:3)
  7 orcs
  6 bats
  8 endoplasms
  3 giant cockroaches
  9 goblins
  9 hobgoblins
  5 jackals (D:1)
  A quokka (D:3)
  6 ball pythons
  4 frilled lizards
  5 kobolds
  A quokka zombie (D:4)
  6 rats
109 creatures vanquished.

Vanquished Creatures (others)
  6 plants (D:4)
6 creatures vanquished.

Grand Total: 115 creatures vanquished

Notes
Turn   | Place    | Note
-------+----------+-------------------------------------------
     0 | D:1      | unlimited1921 the Gnoll Arcane Marksman began the quest for
                  | the Orb.
     0 | D:1      | Reached XP level 1. HP: 17/17 MP: 4/4
    98 | D:1      | Reached XP level 2. HP: 23/23 MP: 5/5
   583 | D:1      | Reached XP level 3. HP: 28/28 MP: 7/7
   617 | D:1      | Found a faded altar of an unknown god.
  1192 | D:2      | Learned a level 2 spell: Slow
  1236 | D:2      | Reached skill level 1 in Invocations
  1721 | D:2      | Reached skill level 1 in Short Blades
  1721 | D:2      | Reached skill level 1 in Long Blades
  1721 | D:2      | Reached skill level 1 in Axes
  1721 | D:2      | Reached skill level 1 in Maces & Flails
  1721 | D:2      | Reached skill level 1 in Polearms
  1721 | D:2      | Reached skill level 1 in Staves
  1721 | D:2      | Reached skill level 1 in Slings
  1721 | D:2      | Reached skill level 1 in Bows
  1721 | D:2      | Reached skill level 1 in Throwing
  1721 | D:2      | Reached skill level 1 in Armour
  1721 | D:2      | Reached skill level 1 in Stealth
  1721 | D:2      | Reached skill level 1 in Shields
  1721 | D:2      | Reached skill level 1 in Unarmed Combat
  1721 | D:2      | Reached skill level 1 in Evocations
  1914 | D:2      | Reached XP level 4. HP: 34/34 MP: 8/8
  1958 | D:2      | Learned a level 3 spell: Inner Flame
  2072 | D:2      | Reached skill level 1 in Conjurations
  2072 | D:2      | Reached skill level 1 in Summonings
  2072 | D:2      | Reached skill level 1 in Necromancy
  2072 | D:2      | Reached skill level 1 in Translocations
  2072 | D:2      | Reached skill level 1 in Transmutations
  2072 | D:2      | Reached skill level 1 in Fire Magic
  2072 | D:2      | Reached skill level 1 in Ice Magic
  2072 | D:2      | Reached skill level 1 in Air Magic
  2072 | D:2      | Reached skill level 1 in Earth Magic
  2072 | D:2      | Reached skill level 1 in Poison Magic
  2288 | D:3      | Noticed Terence
  2327 | D:2      | Killed Terence
  2328 | D:2      | Reached XP level 5. HP: 12/40 MP: 9/9
  3323 | D:4      | Reached XP level 6. HP: 34/47 MP: 7/10
  3592 | D:4      | Reached skill level 5 in Crossbows
  3592 | D:4      | Reached skill level 5 in Dodging
  3671 | D:4      | Noticed a sky beast
  3683 | D:4      | Killed a sky beast
  3948 | D:4      | Reached XP level 7. HP: 43/52 MP: 12/12
  4349 | D:4      | Learned a level 3 spell: Portal Projectile
  4354 | D:4      | Learned a level 4 spell: Cause Fear
  5535 | D:4      | Found an ancient bone altar of Kikubaaqudgha.
  6054 | D:4      | Reached skill level 6 in Hexes
  6054 | D:4      | Reached XP level 8. HP: 57/60 MP: 14/14
  6226 | D:4      | Found a staircase to the Ecumenical Temple.
  6428 | Temple   | Entered the Ecumenical Temple
  6458 | Temple   | Became a worshipper of Gozag Ym Sagoz the Greedy
  7191 | D:5      | Entered Level 5 of the Dungeon
  8231 | D:5      | Found a glowing golden altar of the Shining One.
  8558 | D:5      | HP: 1/61 [something (9)]
  8559 | D:5      | Slain by an unseen horror

Illustrated notes

Levels and vault maps discovered:
D:1:      heliophobic_arrival_enchanted_forest, layout_basic,
          hellmonk_ecumenical_altar_blasted, minmay_statues_item,
          minmay_hedge_maze, minmay_tetromino_o4
D:2:      layout_basic, minmay_randomly_rotated_circles
D:3:      layout_loops_ring, minmay_cupped, uniq_terence
D:4:      layout_loops_ring, lemuel_mausoleum_altar_kikubaaqudgha,
          minmay_temple_entry_gardened_gates
D:5:      layout_basic, tso_metal_star
D:6:      cheibrodos_helix_gallery, layout_basic, serial_corexii_hall,
          corexii_hall_statues_l, corexii_hall_statues_u,
          corexii_hall_statues_i, chequers_hall_statues_wall_a
Temple:   jpeg_temple_clearing

Skill      XL: |  1  2  3  4  5  6  7  8 |
---------------+-------------------------+-----
Invocations    | 1 2 3 |  3.7
Short Blades   | 1 2 3 |  3.4
Long Blades    | 1 2 3 |  3.4
Axes           | 1 2 3 |  3.4
Maces & Flails | 1 2 3 |  3.4
Polearms       | 1 2 3 |  3.4
Staves         | 1 2 3 |  3.4
Slings         | 1 2 3 |  3.4
Bows           | 1 2 3 |  3.4
Throwing       | 1 2 3 |  3.4
Armour         | 1 2 3 |  3.4
Stealth        | 1 2 3 |  3.4
Shields        | 1 2 3 |  3.4
Unarmed Combat | 1 2 3 |  3.4
Evocations     | 1 2 3 |  3.4
Spellcasting   | 3 4 |  4.5
Conjurations   | 1 2 |  2.8
Summonings     | 1 2 |  2.8
Necromancy     | 1 2 |  2.8
Translocations | 1 2 |  2.8
Transmutations | 1 2 |  2.8
Fire Magic     | 1 2 |  2.8
Ice Magic      | 1 2 |  2.8
Air Magic      | 1 2 |  2.8
Earth Magic    | 1 2 |  2.8
Poison Magic   | 1 2 |  2.8
Fighting       | 3 4 |  4.3
Crossbows      | 5 |  5.8
Dodging        | 5 |  5.8
Hexes          | 6 |  6.2

Action                   |  1- 3 |  4- 6 |  7- 9 || total
-------------------------+-------+-------+-------++-------
Melee: Whip              |    68 |       |       ||    68
       Bite              |     6 |     1 |     9 ||    16
       Short sword       |    12 |       |       ||    12
       Hand crossbow     |       |    12 |       ||    12
       Dire flail        |       |       |    65 ||    65
 Fire: Hand crossbow     |    64 |   117 |    58 ||   239
       Hunting sling     |       |     3 |       ||     3
Throw: Javelin           |       |     3 |     3 ||     6
       Stone             |       |     2 |    13 ||    15
 Cast: Slow              |       |     3 |    18 ||    21
       Inner Flame       |       |     3 |     2 ||     5
       Corona            |       |     3 |     5 ||     8
  Use: Scroll            |       |       |     3 ||     3
       Potion            |       |       |     2 ||     2
 Stab: Sleeping          |       |       |     5 ||     5
       Distracted        |       |       |     1 ||     1
Armor: Leather armour    |    33 |    30 |    22 ||    85
Dodge: Dodged            |    36 |    47 |    46 ||   129
Block: Other             |       |       |     6 ||     6
